 Dungeon Crawl Stone Soup version 0.23-a0-470-g6f7cfd9 (webtiles) character file.

2146 RoseArtemis the Cudgeler (level 9, 0/87 HPs)
             Began as a Troll Berserker on Nov 26, 2018.
             Was an Elder of Trog.
             Slain by a troll (3 damage)
             ... on level 7 of the Dungeon.
             The game lasted 00:10:46 (4505 turns).

RoseArtemis the Cudgeler (Troll Berserker)          Turns: 4505, Time: 00:10:47

Health: 0/87       AC:  9    Str: 27    XL:     9   Next: 9%
Magic:  8/8        EV:  9    Int:  6    God:    Trog [****..]
Gold:   298        SH: 11    Dex:  9    Spells: 8/8 levels left

rFire    . . .     SeeInvis .   a - +4 flail
rCold    . . .     Gourm    +   t - +1 shield
rNeg     . . .     Faith    .   w - +1 robe
rPois    .         Spirit   .   (helmet restricted)
rElec    .         Reflect  .   (no cloak)
rCorr    .         Harm     .   (gloves unavailable)
MR       ++...                  (boots unavailable)
Stlth    +.........             m - amulet of the acrobat
HPRegen  1.64/turn              o - +3 ring of protection
MPRegen  0.11/turn              (no ring)

@: berserk cooldown, regenerating, slowed, very slow
A: large, unfitting armour, claws 3, fast metabolism 3, gourmand, regeneration
1, shaggy fur 1, tough skin 2
a: Berserk, Trog's Hand, Brothers in Arms, Renounce Religion


You were on level 7 of the Dungeon.
You worshipped Trog.
Trog was greatly pleased with you.
You were very full.

You visited 1 branch of the dungeon, and saw 7 of its levels.

You collected 298 gold pieces.

Inventory:

Hand Weapons
 a - a +4 flail (weapon)
 l - a +0 giant club
Missiles
 g - a throwing net (quivered)
Armour
 t - a +1 shield (worn)
 w - a +1 robe (worn)
Jewellery
 m - an amulet of the acrobat (around neck)
 o - a +3 ring of protection (left claw)
Wands
 r - a wand of digging (7)
 u - a wand of polymorph (12)
 B - a wand of flame (16)
 C - a wand of acid (7)
Scrolls
 d - 5 scrolls of teleportation
 e - 4 scrolls of remove curse
 y - a scroll of magic mapping
 z - a scroll of immolation
 D - a scroll of enchant weapon
Potions
 b - a potion of magic {unknown}
 h - a potion of mutation {unknown}
 i - 2 potions of degeneration
 j - 2 potions of flight
 k - a potion of berserk rage {unknown}
 n - 2 potions of heal wounds
 s - 2 potions of brilliance
 v - a potion of lignification {unknown}
 x - 2 potions of haste
 A - 2 potions of cancellation
Comestibles
 c - 16 rations


   Skills:
 + Level 4.8 Fighting
 * Level 7.0 Maces & Flails
 + Level 4.1 Throwing
 - Level 2.8 Dodging
 * Level 5.3 Shields


You had 8 spell levels left.
You didn't know any spells.
Your spell library was empty.

Dungeon Overview and Level Annotations

Branches:
Dungeon (7/15)
 Temple: D:4-7

Altars:
Kikubaaqudgha

Shops:
D:5 %


Innate Abilities, Weirdness & Mutations

You are too large for most types of armour.
You have claws for hands.
Your metabolism is lightning-fast.
You like to eat raw meat.
Your natural rate of healing is unusually fast.
You are covered in fur. (AC +1)
You have very tough skin. (AC +2)


Message History

You are no longer berserk.
You are exhausted.
You feel yourself slow down. The jackal bites you.
* * * LOW HITPOINT WARNING * * *
You bludgeon the jackal!!
You kill the jackal!
Trog accepts your kill. The troll barely misses you.
The troll closely misses you. The troll claws you.
* * * LOW HITPOINT WARNING * * *
You sock the troll! The troll bites you!
* * * LOW HITPOINT WARNING * * *
You block the troll's attack. The troll claws you.
* * * LOW HITPOINT WARNING * * *
You sock the troll! The troll closely misses you. You block the troll's attack.
The troll closely misses you. The troll claws you but does no damage.
You block the troll's attack.
You hit the troll but do no damage. The troll bites you!
* * * LOW HITPOINT WARNING * * *
The troll claws you.
You die...

#. #. #+# #. #.# #. #.#
#.######## ##.##
#.).......
##...#######..#..#..
#.........##........
.##.###....<..@Th........
...........###.##........
###.####...# #.....#..#..
#.### #.#.........
#.#####.##########
#.......# #.####### #.#
##########.######


You could see a troll and a jackal.

Vanquished Creatures
  A wyvern (D:7)
  Edmund (D:6)
  An orc warrior (D:6)
  An ice beast (D:7)
  2 phantoms (D:5)
  A sky beast (D:6)
  2 ogres (D:7)
  A centaur (D:6)
  2 bullfrogs
  A scorpion (D:5)
  3 howler monkeys
  2 crimson imps
  4 hounds
  A jelly (D:7)
  4 orc priests
  2 orc wizards
  Jessica (D:3)
  2 iguanas (D:6)
  5 worker ants
  2 hound zombies (D:7)
  Robin (D:4)
  8 gnolls
  7 adders
  An ooze (D:3)
  A worm (D:3)
  2 adder skeletons
  3 dart slugs
  4 leopard geckos
  11 orcs
  A bat zombie (D:5)
  8 giant cockroaches
  15 goblins
  8 hobgoblins
  9 jackals
  3 kobolds
  3 quokkas
  7 bats
  2 frilled lizards (D:2)
  A quokka zombie (D:6)
  7 rats
141 creatures vanquished.

Notes
Turn   | Place    | Note
-------+----------+-------------------------------------------
     0 | D:1      | RoseArtemis the Troll Berserker began the quest for the
                  | Orb.
     0 | D:1      | Reached XP level 1. HP: 22/22 MP: 0/0
    83 | D:1      | Reached XP level 2. HP: 29/29 MP: 1/1
   107 | D:1      | Reached skill level 3 in Maces & Flails
   570 | D:2      | Reached XP level 3. HP: 35/36 MP: 2/2
   733 | D:2      | Reached ** piety under Trog
   733 | D:2      | Reached skill level 1 in Throwing
  1165 | D:3      | Reached XP level 4. HP: 42/44 MP: 3/3
  1250 | D:3      | Noticed Jessica
  1265 | D:3      | Killed Jessica
  1709 | D:3      | Reached skill level 1 in Shields
  1709 | D:3      | Reached XP level 5. HP: 37/53 MP: 4/4
  1715 | D:3      | Reached *** piety under Trog
  2000 | D:4      | Noticed Robin
  2022 | D:4      | Reached skill level 4 in Maces & Flails
  2033 | D:4      | Killed Robin
  2131 | D:4      | Reached XP level 6. HP: 61/61 MP: 5/5
  2466 | D:5      | Entered Level 5 of the Dungeon
  2619 | D:5      | Reached XP level 7. HP: 67/67 MP: 6/6
  2689 | D:5      | Reached skill level 5 in Maces & Flails
  2719 | D:5      | Found an ancient bone altar of Kikubaaqudgha.
  2745 | D:5      | Found Waimpeo's Food Shop.
  2885 | D:5      | Reached **** piety under Trog
  3363 | D:6      | Reached XP level 8. HP: 34/78 MP: 7/7
  3557 | D:6      | Noticed Edmund
  3574 | D:6      | Killed Edmund
  3574 | D:6      | Reached skill level 6 in Maces & Flails
  4193 | D:7      | Reached skill level 5 in Shields
  4267 | D:7      | Reached XP level 9. HP: 44/85 MP: 8/8
  4484 | D:7      | Noticed a troll
  4485 | D:7      | Reached skill level 7 in Maces & Flails
  4505 | D:7      | HP: 3/87 [troll (11)]
  4505 | D:7      | Slain by a troll

Vault maps used:
D:1:      dpeg_arrival_ternary
D:3:      uniq_jessica
D:4:      uniq_robin
D:5:      lemuel_zombie_altar_kikubaaqudgha, first_ration, serial_shops,
          shop_statue, serial_bayou_crossing
D:6:      uniq_edmund
D:7:      temple_hall, ebering_ghost_rock_garden

Skill      XL: |  1  2  3  4  5  6  7  8  9 |
---------------+----------------------------+-----
Maces & Flails | 3 4 5 6 7 |  7.0
Throwing       | 1 2 3 4 |  4.1
Fighting       | 3 4 |  4.8
Shields        | 1 2 3 5 |  5.3
Dodging        | |  2.8

Action                   |  1- 3 |  4- 6 |  7- 9 || total
-------------------------+-------+-------+-------++-------
Melee: Mace              |    83 |   159 |    39 ||   281
       Unarmed           |       |     2 |       ||     2
       Flail             |       |       |   177 ||   177
Throw: Throwing net      |       |       |     2 ||     2
Invok: Berserk           |       |     2 |     3 ||     5
       Trog's Hand       |       |       |     3 ||     3
  Use: Scroll            |     2 |    10 |     5 ||    17
 Stab: Sleeping          |       |     1 |       ||     1
       Distracted        |       |       |     1 ||     1
  Eat: Chunk             |    16 |    16 |    21 ||    53
Armor: Animal skin       |    31 |    13 |       ||    44
       Robe              |       |    45 |    45 ||    90
Dodge: Dodged            |    72 |    73 |    73 ||   218
Block: Shield            |     1 |    78 |   109 ||   188

Table legend:
 A = Non-vault XP
 B = Vault XP
 C = Vault XP percentage of total XP
 D = Non-vault monster count
 E = Vault monster count
 F = Vault count percentage of total count
                 A         B        C        D         E       F
            +---------+---------+-------+---------+---------+-------
      Total |    2818 |     249 |   8.1 |     125 |      16 |  11.3
            +---------+---------+-------+---------+---------+-------
        D:1 |      21 |       0 |   0.0 |      10 |       0 |   0.0
        D:2 |      75 |       0 |   0.0 |      24 |       0 |   0.0
        D:3 |      92 |      37 |  28.7 |      22 |       1 |   4.3
        D:4 |     225 |      39 |  14.8 |      10 |      13 |  56.5
        D:5 |     691 |       2 |   0.3 |      19 |       1 |   5.0
        D:6 |     944 |     171 |  15.3 |      27 |       1 |   3.6
        D:7 |     770 |       0 |   0.0 |      13 |       0 |   0.0
            +---------+---------+-------+---------+---------+-------
